 Dungeon Crawl Stone Soup version 0.19.1 (webtiles) character file.

700 JimDarkmagic the Chopper (level 7, -1/63 HPs)
             Began as a Minotaur Berserker on Mar 16, 2017.
             Was a Priest of Trog.
             Slain by Duvessa
             ... wielding a +0 short sword
              (11 damage)
             ... on level 5 of the Dungeon.
             The game lasted 00:47:32 (5212 turns).

JimDarkmagic the Chopper (Minotaur Berserker)       Turns: 5212, Time: 00:47:32

Health: -1/63      AC:  9    Str: 23    XL:     7   Next: 38%
Magic:  6/6        EV:  4    Int:  4    God:    Trog [***...]
Gold:   171        SH: 12    Dex: 10    Spells: 0 memorised, 6 levels left

rFire  . . .     SeeInvis .     a - +1 hand axe {Bloodthirster}
rCold  . . .     Gourm    .     m - +0 chain mail
rNeg   . . .     Faith    .     g - +0 large shield
rPois  .         Spirit   .     (helmet restricted)
rElec  .         Reflect  .     (no cloak)
rCorr  +         Harm     .     (no gloves)
MR     .....                    (no boots)
Stlth  ..........               j - amulet of regeneration
                                (no ring)
                                e - ring of resist corrosion

@: no status effects
A: retaliatory headbutt, horns 2
a: Berserk, Trog's Hand, Burn Spellbooks, Renounce Religion


You were on level 5 of the Dungeon.
You worshipped Trog.
Trog was most pleased with you.
You were not hungry.

You visited 1 branch of the dungeon, and saw 5 of its levels.

You collected 171 gold pieces.

Inventory:

Hand Weapons
 a - a +1 hand axe (weapon) {Bloodthirster}
Missiles
 b - 2 poisoned tomahawks (quivered)
 l - 52 poisoned needles
 w - 3 tomahawks
Armour
 g - a +0 large shield (worn)
 m - a +0 chain mail (worn)
Jewellery
 e - a ring of resist corrosion (left hand)
 j - an amulet of regeneration (around neck)
Wands
 d - a wand of digging (17/24)
Scrolls
 f - a scroll of fear
 i - 2 scrolls of teleportation
 r - 2 scrolls of recharging
 u - a scroll of identify
Potions
 h - 2 potions of flight {unknown}
 k - 2 potions of curing {unknown}
 n - a potion of cancellation {unknown}
 o - a potion of agility {unknown}
 p - a potion of berserk rage {unknown}
 q - a potion of lignification {unknown}
Books
 s - a book of Annihilations

   Spells                             Type                      Level
   a - Poison Arrow                   Conjuration/Poison           6
   b - Chain Lightning                Conjuration/Air              8
   c - Lehudib's Crystal Spear        Conjuration/Earth            8
   d - Glaciate                       Conjuration/Ice              9
   e - Fire Storm                     Conjuration/Fire             9
   Trog disapproves of the use of such an item.
Comestibles
 c - 3 bread rations


   Skills:
 + Level 6.2 Fighting
 + Level 6.4 Axes
 + Level 5.2 Armour
 + Level 4.4 Dodging


You had 6 spell levels left.
You didn't know any spells.

Dungeon Overview and Level Annotations

Branches:
Dungeon (5/15)
 Temple: D:4-7

Altars:
Hepliaklqana
Ru
Uskayaw
Xom
Zin

Shops:
D:3 *

Annotations:
D:5 Duvessa


Innate Abilities, Weirdness & Mutations

You reflexively headbutt those who attack you in melee.
You have a pair of horns on your head.


Message History

Duvessa is severely wounded.
Duvessa hits you with a short sword.
You slash Duvessa!
Duvessa is severely wounded.
Duvessa hits you with a short sword! You block Duvessa's attack.
You hit Duvessa. You headbutt Duvessa.
Duvessa is almost dead.
Duvessa hits you but does no damage.
Your shield prevents you from hitting Duvessa.
Duvessa is almost dead.
Duvessa hits you with a short sword! Duvessa hits you with a short sword.
You hit Duvessa.
Duvessa is almost dead.
You block Duvessa's attack.
Your shield and chain mail prevent you from hitting Duvessa.
Duvessa is almost dead.
Duvessa hits you with a short sword!
* * * LOW HITPOINT WARNING * * *
Duvessa hits you with a short sword!
You die...

##+## #....+
.....#####...#
.....#..##...#
.........#...#
.....<...#...#
.........#..##
#...).)#
...##..e#..#
........@#..# +
.........#..# .#
....##...#..#
.e# ....
#...#..##...##
...
....#....ยง....
..
.....#.........
.##..##..##e..##
.. #.. #### ...#
...#


You could see Duvessa (berserk).

Vanquished Creatures
  Sigmund (D:3)
  An ogre (D:5)
  A necrophage (D:4)
  Dowan (D:5)
  A scorpion (D:4)
  A hound (D:4)
  An orc wizard (D:3)
  2 worker ants (D:4)
  A howler monkey skeleton (D:5)
  4 adders
  An adder skeleton (D:4)
  3 worms
  A dart slug (D:2)
  3 leopard geckos
  13 orcs
  4 bats
  A giant cockroach (D:3)
  11 goblins
  11 hobgoblins
  11 jackals
  A quokka (D:2)
  5 frilled lizards
  A jackal zombie (D:5)
  13 kobolds
  A quokka skeleton (D:4)
  9 rats
103 creatures vanquished.

Notes
Turn   | Place    | Note
-------+----------+-------------------------------------------
     0 | D:1      | JimDarkmagic the Minotaur Berserker began the quest for the Orb.
     0 | D:1      | Reached XP level 1. HP: 19/19 MP: 0/0
   230 | D:1      | Reached XP level 2. HP: 20/27 MP: 1/1
   902 | D:1      | Reached ** piety under Trog
   961 | D:1      | Reached XP level 3. HP: 32/33 MP: 2/2
  1380 | D:2      | Found a sacrificial altar of Ru.
  1385 | D:2      | Found a shimmering altar of Xom.
  1399 | D:2      | Found a hide-covered altar of Uskayaw.
  2181 | D:2      | Reached XP level 4. HP: 21/41 MP: 3/3
  2480 | D:2      | Found a hazy altar of Hepliaklqana.
  2981 | D:3      | Noticed Sigmund
  2990 | D:3      | Killed Sigmund
  2990 | D:3      | Reached skill level 5 in Fighting
  2990 | D:3      | Reached skill level 5 in Axes
  2990 | D:3      | Reached XP level 5. HP: 15/48 MP: 4/4
  3196 | D:3      | Found Zin's Purification Station.
  3199 | D:3      | Found a glowing silver altar of Zin.
  3368 | D:3      | Reached *** piety under Trog
  3368 | D:3      | Reached XP level 6. HP: 55/56 MP: 5/5
  4491 | D:4      | Reached XP level 7. HP: 41/62 MP: 6/6
  5024 | D:5      | Entered Level 5 of the Dungeon
  5115 | D:5      | Noticed Dowan
  5118 | D:5      | Noticed Duvessa
  5137 | D:5      | Reached skill level 5 in Armour
  5147 | D:5      | Killed Dowan
  5212 | D:5      | Slain by Duvessa

Skill      XL: |  1  2  3  4  5  6  7 |
---------------+----------------------+-----
Fighting       | 4 5 6 |  6.2
Axes           | 4 5 6 |  6.4
Armour         | 3 4 5 |  5.2
Dodging        | 3 4 |  4.4

Action                   |  1- 3 |  4- 6 |  7- 9 || total
-------------------------+-------+-------+-------++-------
Melee: Hand axe          |   124 |   145 |    41 ||   310
       Headbutt          |    18 |    26 |    14 ||    58
  Use: Scroll            |     2 |     5 |     1 ||     8
  Eat: Meat ration       |     1 |       |     1 ||     2
       Bread ration      |       |     1 |       ||     1
       Fruit             |       |       |     1 ||     1
Armor: Animal skin       |    12 |       |       ||    12
       Leather armour    |       |     4 |       ||     4
       Ring mail         |       |    15 |       ||    15
       Scale mail        |       |    21 |       ||    21
       Chain mail        |       |    13 |    16 ||    29
Dodge: Dodged            |    45 |    30 |     2 ||    77
Block: Large shield      |    32 |    79 |    13 ||   124
